 Dungeon Crawl Stone Soup version 0.23.1-37-gaa34b87b72 (webtiles) character file.

Game seed: 14032773752751579439

203 PentaManta the Poker (level 5, -8/43 HPs)
             Began as a Merfolk Chaos Knight on Mar 19, 2019.
             Was a Plaything of Xom.
             Mangled by an ogre
             ... wielding a +0 giant club
              (19 damage)
             ... on level 3 of the Dungeon.
             The game lasted 00:06:47 (2353 turns).

PentaManta the Poker (Merfolk Chaos Knight)         Turns: 2353, Time: 00:06:47

Health: -8/43      AC:  5    Str: 11 (14) XL:     5   Next: 81%
Magic:  5/5        EV: 14    Int: 13 (16) God:    Xom [*.....]
Gold:   147        SH:  0    Dex: 14 (15) Spells: 4/4 levels left

rFire    . . .     SeeInvis .   a - +0 spear (chaos)
rCold    . . .     Gourm    .   (no shield)
rNeg     . . .     Faith    .   b - +2 leather armour
rPois    .         Spirit   .   (no helmet)
rElec    .         Reflect  .   (no cloak)
rCorr    .         Harm     .   (no gloves)
MR       .....                  (no boots)
Stlth    +.........             (no amulet)
HPRegen  0.14/turn              i - +2 ring of dexterity
MPRegen  0.09/turn              (no ring)

@: brilliant, very slightly contaminated
A: change form in water, swift swim, stealthy swim
a: Renounce Religion


You were on level 3 of the Dungeon.
You worshipped Xom.
You were a special plaything of Xom.
You were hungry.

You visited 1 branch of the dungeon, and saw 3 of its levels.

You collected 147 gold pieces.

Inventory:

Hand Weapons
 a - a +0 spear of chaos (weapon)
Armour
 b - a +2 leather armour (worn)
 g - a +1 plate armour
Jewellery
 i - a +2 ring of dexterity (left hand)
Scrolls
 e - a scroll of enchant weapon {unknown}
 h - a scroll of identify {unknown}
 j - a scroll of random uselessness {unknown}
 l - a scroll of teleportation {unknown}
 n - a scroll of noise {unknown}
Potions
 f - a potion of degeneration
 m - a potion of lignification {unknown}
Comestibles
 c - 9 rations


   Skills:
 + Level 4.6 Fighting
 * Level 6.8 Polearms
 - Level 0.6 Armour
 + Level 4.6 Dodging


You had 4 spell levels left.
You didn't know any spells.
Your spell library was empty.

Dungeon Overview and Level Annotations

Branches:
Dungeon (3/15)

Altars:
Ashenzari
Wu Jian
Xom
Zin


Message History

You hit the ogre.
The ogre is heavily wounded.
The ogre hits you with a +0 giant club.
You hit the ogre but do no damage.
The ogre flickers and vanishes!
Deactivating autopickup; reactivate with Ctrl-A.
Something hits you! Something hits you.
* * * LOW HITPOINT WARNING * * *
Blink to where?
Press: ? - help, Dir - move target cursor You are very lightly contaminated with residual magic.
As you read the scroll of blinking, it crumbles to dust.
It was a potion of degeneration.
There was something very wrong with that liquid.
You feel weakened.
You feel dopey.
You feel clumsy.
It was a potion of brilliance.
You feel clever all of a sudden.
Xom thinks this is hilarious!
Something hits you!!
You die...

# #### ♣ ..### #..
## #....# #.# .#
'...########@# .#
#........##.# _#
♣.......##.# ##
#..)....##.# _#_
#♣.......##.#
.#..##....{......#
.# #'.§.#'########
## #....#)# ♣
♣..####†#


There were no monsters in sight!

Vanquished Creatures
  A black bear (shapeshifter) (D:3)
  4 adders (D:2)
  An ooze (D:1)
  3 worms
  2 dart slugs
  4 leopard geckos
  An orc (D:3)
  3 giant cockroaches
  4 goblins
  A hobgoblin (D:3)
  9 jackals
  6 kobolds
  3 quokkas
  A ball python (D:2)
  5 bats
  6 frilled lizards
  4 rats
58 creatures vanquished.

Notes
Turn   | Place    | Note
-------+----------+-------------------------------------------
     0 | D:1      | PentaManta the Merfolk Chaos Knight began the quest for the
                  | Orb.
     0 | D:1      | Reached XP level 1. HP: 18/18 MP: 1/1
    10 | D:1      | XOM: silly message
   149 | D:1      | Reached XP level 2. HP: 24/24 MP: 2/2
   357 | D:1      | XOM: scenery: create altars
   472 | D:1      | XOM: 1-stop teleportation journey
   527 | D:1      | XOM: 1-stop teleportation journey
   569 | D:1      | XOM: harmless Summ miscast
   628 | D:1      | XOM is BORED!
   628 | D:1      | XOM: summons 4 hostile shadow creatures
   736 | D:1      | XOM: mild Tmut miscast
   905 | D:2      | Reached skill level 5 in Polearms
   905 | D:2      | Reached XP level 3. HP: 25/30 MP: 3/3
   958 | D:2      | XOM: mild Tmut miscast
  1066 | D:2      | XOM: butterfly on damage
  1119 | D:2      | Reached XP level 4. HP: 24/37 MP: 4/4
  1811 | D:2      | XOM: god gift: 16 bolts
  1831 | D:2      | XOM: god gift: scroll labeled VOWEGA WUSOSM {god gift}
  1983 | D:3      | XOM: 1-stop teleportation journey
  2036 | D:3      | XOM: cloud trail
  2058 | D:3      | Found a glowing silver altar of Zin.
  2072 | D:3      | Found an ornate altar of the Wu Jian Council.
  2090 | D:3      | Noticed a shapeshifter
  2090 | D:3      | a hobgoblin changed into a shapeshifter
  2090 | D:3      | Noticed a komodo dragon
  2090 | D:3      | a shapeshifter changed into a komodo dragon
  2110 | D:3      | XOM: scenery: 1 doors close
  2132 | D:3      | XOM: fog
  2140 | D:3      | XOM: confusion
  2140 | D:3      | Noticed a salamander
  2140 | D:3      | a komodo dragon changed into a salamander
  2141 | D:3      | Noticed a shapeshifter
  2141 | D:3      | a salamander changed into a shapeshifter
  2141 | D:3      | XOM: polymorph salamander -> shapeshifter
  2141 | D:3      | Noticed a black bear
  2141 | D:3      | a shapeshifter changed into a black bear
  2157 | D:3      | XOM: swap monsters
  2158 | D:3      | XOM: enchant monster (good)
  2170 | D:3      | Killed a black bear
  2170 | D:3      | Reached skill level 6 in Polearms
  2170 | D:3      | Reached XP level 5. HP: 28/43 MP: 5/5
  2280 | D:3      | XOM: confusion
  2301 | D:3      | XOM: chaos upgrade
  2332 | D:3      | Noticed an ogre
  2334 | D:3      | Found a shattered altar of Ashenzari.
  2353 | D:3      | Mangled by an ogre

Skill      XL: |  1  2  3  4 |
---------------+-------------+-----
Dodging        | 3 4 |  4.6
Polearms       | 5 6 |  6.8
Fighting       | 4 |  4.6
Armour         | |  0.6

Action                   |  1- 3 |  4- 6 || total
-------------------------+-------+-------++-------
Melee: Spear             |   108 |   152 ||   260
  Use: Scroll            |       |     3 ||     3
       Potion            |       |     2 ||     2
 Stab: Sleeping          |     2 |     2 ||     4
       Paralysed         |       |     4 ||     4
       Petrifying        |       |     1 ||     1
       Petrified         |       |     1 ||     1
  Eat: Chunk             |     1 |     3 ||     4
Armor: Leather armour    |    24 |    24 ||    48
Dodge: Dodged            |    36 |    68 ||   104
